AoeStats
← 150490644@

Hideout

508931423Analyzed
1v1 RM · 7d ago on Sep 24, 2026· 36m 54s· 2 players
Game mode
Random Map
Map size
Tiny (2 player)
Population
200
Speed
Normal
Resources
Standard
Victory
Conquest
Starting age
Dark Age
Ending age
Imperial Age
RankedLock teamsTeams togetherTeam positionsShared explorationLock speedFull tech treeHidden civsTurbo modeCheats
Victory
Defeat
🇮🇹 Franks · Italy
933
+16
🇪🇸 Poles · Spain
929
-16
Pat
7:47 Loom
10:11 Feudal Age
18:59 Wheelbarrow
18:18 Double-Bit Axe
21:52 Castle Age
26:40 Forging
26:36 Scale Barding Armor
27:05 Szlachta Privileges
31:18 Imperial Age
29:14 Bloodlines
29:05 Husbandry
29:33 Fletching
33:07 Chain Barding Armor
35:16 Iron Casting
34:40 Bodkin Arrow
36:10 Cavalier
150490644@
11:32 Feudal Age
12:44 Double-Bit Axe
15:31 Castle Age
15:25 Wheelbarrow
17:05 Loom
17:37 Bow Saw
24:39 Stone Mining
24:39 Gold Mining
26:19 Hand Cart
26:47 Town Watch
32:03 Imperial Age
30:00 Scale Barding Armor
30:06 Forging
32:15 Chain Barding Armor
32:32 Iron Casting
31:57 Scale Mail Armor
32:44 Husbandry
35:48 Plate Barding Armor
34:37 Cavalier
36:41 Chemistry
36:44 Blast Furnace
Connection lost

Rejoining the realm…

Still unreachable

The connection could not be restored.

Session expired

The server has moved on; the page needs a fresh start.